3AA
SALEM MISFITS @ LANCASTER FARMERS
09/01/2022
 
TOP OF THE 1ST
Salem Misfits batting - Pitching for Lancaster Farmers : RHP Ramón Molina
Pitching: RHP Ramón Molina
Batting: RHB Jim Unknown 0-0: Ball
1-0: Foul Ball, location: 2F
1-1: Ball
2-1: Foul Ball, location: 2F
2-2: Ground out 5-3 (Groundball, 5S)
Batting: RHB Jim Unknown 0-0: Called Strike
0-1: Ground out 5-3 (Groundball, 5)
Batting: RHB Steve Duncan 0-0: Foul Ball, location: 2F
0-1: Swinging Strike
0-2: Ball
1-2: Foul Ball, location: 2F
1-2: SINGLE (Line Drive, 6D)
Batting: RHB Luis Martínez 0-0: Ball
1-0: Called Strike
1-1: Called Strike
1-2: Foul Ball, location: 2F
1-2: Strikes out swinging
Top of the 1st over - 0 run(s), 1 hit(s), 0 error(s), 1 left on base; Salem 0 - Lancaster 0
BOTTOM OF THE 1ST
Lancaster Farmers batting - Pitching for Salem Misfits : LHP Javier Roldán
Pitching: LHP Javier Roldán
Batting: RHB Bronson Nicholls 0-0: Ball
1-0: Foul Ball, location: 2F
1-1: DOUBLE (Line Drive, 89M)
Batting: LHB Rob Wilson 0-0: Ball
1-0: Ball
2-0: Called Strike
2-1: Called Strike
2-2: Ball
3-2: Fly out, F8 (Flyball, 8RS)
Batting: RHB Fred Meyer 0-0: Ball
1-0: Called Strike
1-1: Fly out, F8 (Flyball, 8LD)
Runner from 2nd tags up, SAFE at 3rd, no throw
Batting: RHB Sean MacKnight 0-0: Called Strike
0-1: Ball
Wild Pitch!
Bronson Nicholls scores
1-1: Ball
2-1: Ball
3-1: Base on Balls
Batting: RHB Eric Howard 0-0: Foul Ball, location: 2F
0-1: Foul Ball, location: 2F
0-2: Strikes out swinging
Bottom of the 1st over - 1 run(s), 1 hit(s), 0 error(s), 1 left on base; Salem 0 - Lancaster 1
TOP OF THE 2ND
Salem Misfits batting - Pitching for Lancaster Farmers : RHP Ramón Molina
Batting: SHB Arturo Romero 0-0: Ball
1-0: Foul Ball, location: 2F
1-1: Ball
2-1: Foul Ball, location: 2F
2-2: Foul Ball, location: 2F
2-2: Foul Ball, location: 2F
2-2: SOLO HOME RUN (Flyball, 89XD), Distance : 438 ft
Batting: RHB Héctor Cantú 0-0: Called Strike
0-1: Ground out 4-3 (Groundball, 4)
Batting: RHB Jim Unknown 0-0: Ball
1-0: Ball
2-0: Called Strike
2-1: Called Strike
2-2: Ball
3-2: Base on Balls
Batting: LHB Micheal Garren 0-0: Called Strike
0-1: SINGLE (Line Drive, 78S)
Jim Unknown to second
Batting: RHB Jim Unknown 0-0: Ball
1-0: Ball
2-0: Ball
3-0: Base on Balls
Jim Unknown to third
Micheal Garren to second
Batting: RHB Jim Unknown 0-0: Called Strike
0-1: Ball
1-1: Called Strike
1-2: Fly out, F7 (Line Drive, 78M)
Runner from 3rd tags up, SCORES, no throw
Batting: RHB Jim Unknown 0-0: Ball
1-0: Ball
2-0: Foul Ball, location: 2F
2-1: Ball
3-1: Called Strike
3-2: Base on Balls
Micheal Garren to third
Jim Unknown to second
Batting: RHB Steve Duncan 0-0: Ball
1-0: Swinging Strike
1-1: SINGLE (Line Drive, 56D)
Micheal Garren scores
Jim Unknown to third
Jim Unknown to second
Runner from 3rd tries for Home, SAFE, throw made home
Jim Unknown to third
Steve Duncan to second
Batting: RHB Luis Martínez 0-0: Ball
1-0: SINGLE (Line Drive, 89M)
Jim Unknown scores
Steve Duncan to third
Runner from 3rd tries for Home, SAFE, no throw or cutoff
Batting: SHB Arturo Romero 0-0: Called Strike
0-1: Ball
1-1: Ball
2-1: Foul Ball, location: 2F
2-2: Ball
Luis Martínez steals 2nd base
3-2: 2-RUN HOME RUN (Line Drive, 9LD), Distance : 349 ft
Pitching: LHP Álex Reyes
Batting: RHB Héctor Cantú 0-0: Ground out 4-3 (Groundball, 4)
Top of the 2nd over - 8 run(s), 5 hit(s), 0 error(s), 0 left on base; Salem 8 - Lancaster 1
BOTTOM OF THE 2ND
Lancaster Farmers batting - Pitching for Salem Misfits : LHP Javier Roldán
Batting: RHB Chuck Wolf 0-0: Ball
1-0: Called Strike
1-1: Ball
2-1: SINGLE (Line Drive, 6D)
Batting: SHB Jim Henderson 0-0: Fly out, F7 (Flyball, 7LD)
Runner from 1st tags up, SAFE at 2nd
Batting: RHB Jim Unknown 0-0: Fly out, F7 (Flyball, 7LMF)
Batting: RHB Carl Bryant 0-0: Ball
1-0: Ball
2-0: Ball
3-0: Base on Balls
Batting: RHB Bronson Nicholls 0-0: Ball
1-0: Ball
2-0: Called Strike
2-1: Foul Ball, location: 2F
2-2: Ball
3-2: DOUBLE (Line Drive, 7LS)
Chuck Wolf scores
Carl Bryant to third
Carl Bryant scores
Batting: LHB Rob Wilson 0-0: Ball
1-0: Ball
2-0: Ground out 4-3 (Groundball, 4M)
Bottom of the 2nd over - 2 run(s), 2 hit(s), 0 error(s), 1 left on base; Salem 8 - Lancaster 3
TOP OF THE 3RD
Salem Misfits batting - Pitching for Lancaster Farmers : LHP Álex Reyes
Batting: RHB Jim Unknown 0-0: Ground out 4-3 (Groundball, 4)
Batting: LHB Micheal Garren 0-0: Ball
1-0: Foul Ball, location: 2F
1-1: Ball
2-1: SINGLE (Line Drive, 4MD)
Batting: RHB Jim Unknown 0-0: Swinging Strike
0-1: Ball
1-1: Ball
2-1: Fly out, F6 (Popup, 4MD)
Batting: RHB Jim Unknown 0-0: Ball
1-0: SINGLE (Groundball, 25) (infield hit)
Micheal Garren to second
Batting: RHB Jim Unknown 0-0: Ball
Wild Pitch!
Micheal Garren to third
Jim Unknown to second
1-0: Reached on error, E5 (Groundball, 56)
Micheal Garren scores
Jim Unknown scores
Batting: RHB Steve Duncan 0-0: Ball
1-0: Ball
2-0: Fly out, F9 (Flyball, 9S)
Top of the 3rd over - 2 run(s), 2 hit(s), 1 error(s), 1 left on base; Salem 10 - Lancaster 3
BOTTOM OF THE 3RD
Lancaster Farmers batting - Pitching for Salem Misfits : LHP Javier Roldán
Batting: RHB Fred Meyer 0-0: Called Strike
0-1: Ball
1-1: Ground out 5-3 (Groundball, 56S)
Batting: RHB Sean MacKnight 0-0: Ball
1-0: Swinging Strike
1-1: Ground out 6-3 (Groundball, 6)
Batting: RHB Eric Howard 0-0: DOUBLE (Line Drive, 5L)
Batting: RHB Chuck Wolf 0-0: Ball
1-0: Ball
2-0: Foul Ball, location: 2F
2-1: Ball
3-1: Base on Balls
Batting: SHB Jim Henderson 0-0: Ball
1-0: Fielders Choice at 2nd, 6-4 (Groundball, 6)
Bottom of the 3rd over - 0 run(s), 1 hit(s), 0 error(s), 1 left on base; Salem 10 - Lancaster 3
TOP OF THE 4TH
Salem Misfits batting - Pitching for Lancaster Farmers : LHP Álex Reyes
Batting: RHB Luis Martínez 0-0: Ball
1-0: Hit by Pitch
Batting: SHB Arturo Romero 0-0: Ball
1-0: Ball
2-0: Ball
3-0: Called Strike
3-1: Foul Ball, location: 2F
3-2: Base on Balls
Luis Martínez to second
Batting: RHB Héctor Cantú 0-0: Ball
1-0: Ball
2-0: Called Strike
2-1: Foul Ball, location: 2F
2-2: Ball
3-2: Fly out, F7 (Flyball, 7M)
Batting: RHB Jim Unknown 0-0: Ball
1-0: Called Strike
1-1: Ball
2-1: Foul Ball, location: 2F
2-2: Ground out 4-3 (Groundball, 4M)
Luis Martínez to third
Arturo Romero to second
Batting: LHB Micheal Garren 0-0: Called Strike
0-1: SINGLE (Flyball, 89S)
Luis Martínez scores
Arturo Romero to third
Runner from 3rd tries for Home, SAFE, no throw or cutoff
Batting: RHB Jim Unknown 0-0: Foul Ball, location: 2F
0-1: Fly out, F8 (Flyball, 6MD)
Top of the 4th over - 2 run(s), 1 hit(s), 0 error(s), 1 left on base; Salem 12 - Lancaster 3
BOTTOM OF THE 4TH
Lancaster Farmers batting - Pitching for Salem Misfits : LHP Javier Roldán
Batting: RHB Jim Unknown 0-0: Called Strike
0-1: Ball
1-1: Ball
2-1: Swinging Strike
2-2: SINGLE (Groundball, 4D)
Batting: RHB Carl Bryant 0-0: Called Strike
0-1: Ball
1-1: Called Strike
1-2: Strikes out swinging
Batting: RHB Bronson Nicholls 0-0: Ball
1-0: Called Strike
1-1: Ball
2-1: Ball
3-1: Fly out, F8 (Flyball, 78XD)
Batting: LHB Rob Wilson 0-0: Ball
1-0: Foul Ball, location: 2F
1-1: Reached on error, E6 (Groundball, 6M)
Jim Unknown to second
Batting: RHB Fred Meyer 0-0: Ball
1-0: Foul Ball, location: 2F
1-1: Ball
2-1: Foul Ball, location: 2F
2-2: Ball
3-2: Ground out 6-3 (Groundball, 6MS)
Bottom of the 4th over - 0 run(s), 1 hit(s), 1 error(s), 2 left on base; Salem 12 - Lancaster 3
TOP OF THE 5TH
Salem Misfits batting - Pitching for Lancaster Farmers : LHP Álex Reyes
Batting: RHB Jim Unknown 0-0: Ball
1-0: Ball
2-0: Called Strike
2-1: Fly out, F7 (Line Drive, 7M)
Batting: RHB Jim Unknown 0-0: Ball
1-0: Called Strike
1-1: Swinging Strike
1-2: Ball
2-2: Fly out, F3 (Popup, 3F)
Batting: RHB Steve Duncan 0-0: Ball
1-0: Ball
2-0: Ball
3-0: Called Strike
3-1: Fly out, F8 (Flyball, 8RM)
Top of the 5th over - 0 run(s), 0 hit(s), 0 error(s), 0 left on base; Salem 12 - Lancaster 3
BOTTOM OF THE 5TH
Lancaster Farmers batting - Pitching for Salem Misfits : LHP Javier Roldán
Batting: RHB Sean MacKnight 0-0: Ball
1-0: SINGLE (Popup, 56D)
Batting: RHB Eric Howard 0-0: Called Strike
0-1: Ball
1-1: Ball
2-1: SINGLE (Line Drive, 89S)
Sean MacKnight to second
Runner from 2nd tries for 3rd, SAFE, no throw or cutoff
Batting: RHB Chuck Wolf 0-0: Ball
1-0: Ball
2-0: SINGLE (Groundball, 6)
Sean MacKnight scores
Eric Howard to second
Batting: SHB Jim Henderson 0-0: Ball
1-0: Swinging Strike
1-1: Foul Ball, location: 2F
1-2: Strikes out swinging
Batting: RHB Jim Unknown 0-0: Ball
1-0: Ground out U3 (Groundball, 3S)
Eric Howard to third
Chuck Wolf to second
Batting: RHB Carl Bryant 0-0: Ball
1-0: Foul Ball, location: 2F
1-1: Foul Ball, location: 2F
1-2: Ball
2-2: Foul Ball, location: 2F
2-2: Foul Ball, location: 2F
2-2: Foul Ball, location: 2F
2-2: Foul Ball, location: 2F
2-2: Ball
3-2: Base on Balls
Pitching: RHP Denny Norris
Batting: RHB Bronson Nicholls 0-0: Foul Ball, location: 2F
0-1: Swinging Strike
0-2: Strikes out looking
Bottom of the 5th over - 1 run(s), 3 hit(s), 0 error(s), 3 left on base; Salem 12 - Lancaster 4
TOP OF THE 6TH
Salem Misfits batting - Pitching for Lancaster Farmers : LHP Álex Reyes
Pitching: LHP Orlando Sánchez
Batting: RHB Luis Martínez 0-0: Ball
1-0: Ground out 5-3 (Groundball, 5)
Batting: SHB Arturo Romero 0-0: Ball
1-0: Ball
2-0: Ball
3-0: Called Strike
3-1: Base on Balls
Batting: RHB Héctor Cantú 0-0: Ball
1-0: Called Strike
1-1: SINGLE (Groundball, 34S)
Arturo Romero to second
Throwing error, E9
Arturo Romero scores
Héctor Cantú to second
Batting: RHB Jim Unknown 0-0: Ball
1-0: Ball
2-0: Called Strike
2-1: Swinging Strike
2-2: Ground out 1-3 (Groundball, 13)
Héctor Cantú to third
Batting: LHB Micheal Garren 0-0: Ball
1-0: Ball
2-0: Ball
3-0: Base on Balls
Batting: RHB Jim Unknown 0-0: Ball
1-0: Ball
2-0: Fly out, F8 (Flyball, 89S)
Top of the 6th over - 1 run(s), 1 hit(s), 1 error(s), 2 left on base; Salem 13 - Lancaster 4
BOTTOM OF THE 6TH
Lancaster Farmers batting - Pitching for Salem Misfits : RHP Denny Norris
Batting: LHB Rob Wilson 0-0: Ball
1-0: Foul Ball, location: 2F
1-1: Foul Ball, location: 2F
1-2: Fly out, F7 (Flyball, 78M)
Batting: RHB Fred Meyer 0-0: Ground out 6-3 (Groundball, 6)
Batting: RHB Sean MacKnight 0-0: Called Strike
0-1: Ball
1-1: Ground out 5-3 (Groundball, 5S)
Bottom of the 6th over - 0 run(s), 0 hit(s), 0 error(s), 0 left on base; Salem 13 - Lancaster 4
TOP OF THE 7TH
Salem Misfits batting - Pitching for Lancaster Farmers : LHP Orlando Sánchez
Batting: RHB Jim Unknown 0-0: Ball
1-0: SINGLE (Line Drive, 7S)
Batting: RHB Jim Unknown 0-0: Called Strike
0-1: Ball
1-1: Reached on error, E1 (Groundball, 13S)
Jim Unknown to second
Batting: RHB Steve Duncan 0-0: Ball
1-0: Foul Ball, location: 2F
1-1: Called Strike
1-2: Strikes out swinging
Batting: RHB Luis Martínez 0-0: Ball
1-0: 3-RUN HOME RUN (Line Drive, 7D), Distance : 408 ft
Pitching: RHP Steve Brown
Batting: SHB Arturo Romero 0-0: Ball
1-0: Ball
2-0: Ball
3-0: Base on Balls
Batting: RHB Héctor Cantú 0-0: Called Strike
0-1: Ball
1-1: SINGLE (Groundball, 4MD)
Arturo Romero to second
Batting: RHB Jim Unknown 0-0: Ball
1-0: Called Strike
1-1: Ball
2-1: Fly out, F8 (Flyball, 89M)
Batting: LHB Micheal Garren 0-0: Swinging Strike
0-1: Foul Ball, location: 2F
0-2: Ball
1-2: Ball
2-2: Fly out, F5 (Popup, 56S)
Top of the 7th over - 3 run(s), 3 hit(s), 1 error(s), 2 left on base; Salem 16 - Lancaster 4
BOTTOM OF THE 7TH
Lancaster Farmers batting - Pitching for Salem Misfits : RHP Denny Norris
Batting: RHB Eric Howard 0-0: Ball
1-0: Ball
2-0: Ball
3-0: Called Strike
3-1: Foul Ball, location: 2F
3-2: Foul Ball, location: 2F
3-2: Foul Ball, location: 2F
3-2: Fly out, F8 (Flyball, 8RM)
Batting: RHB Chuck Wolf 0-0: Called Strike
0-1: Ball
1-1: Called Strike
1-2: Foul Ball, location: 2F
1-2: Ball
2-2: Ball
3-2: Foul Ball, location: 2F
3-2: Foul Ball, location: 2F
3-2: Base on Balls
Batting: SHB Jim Henderson 0-0: Ball
1-0: Swinging Strike
1-1: Foul Ball, location: 2F
1-2: Ball
2-2: Ball
3-2: SINGLE (Line Drive, 34D)
Chuck Wolf to second
Runner from 2nd tries for 3rd, SAFE, throw made to third
Jim Henderson to second
Batting: RHB Jim Unknown 0-0: Called Strike
0-1: Called Strike
0-2: Ball
1-2: Ground out 4-3 (Groundball, 4M)
Chuck Wolf scores
Jim Henderson to third
Batting: RHB Carl Bryant 0-0: Ball
1-0: Called Strike
1-1: Ball
2-1: Ball
3-1: Base on Balls
Batting: RHB Bronson Nicholls 0-0: Called Strike
0-1: Foul Ball, location: 2F
0-2: SINGLE (Groundball, 6MD)
Jim Henderson scores
Carl Bryant to second
Runner from 2nd tries for 3rd, SAFE, throw made to third
Bronson Nicholls to second
Batting: LHB Rob Wilson 0-0: Ball
1-0: Called Strike
1-1: Foul Ball, location: 2F
1-2: Fly out, F7 (Line Drive, 7M)
Bottom of the 7th over - 2 run(s), 2 hit(s), 0 error(s), 2 left on base; Salem 16 - Lancaster 6
TOP OF THE 8TH
Salem Misfits batting - Pitching for Lancaster Farmers : RHP Steve Brown
Pinch Hitting: LHB Jim Unknown 0-0: Foul Ball, location: 2F
0-1: Ball
1-1: Foul Ball, location: 2F
1-2: Ball
2-2: SOLO HOME RUN (Flyball, 9LD), Distance : 359 ft
Batting: RHB Jim Unknown 0-0: Called Strike
0-1: SINGLE (Line Drive, 89S)
Batting: RHB Jim Unknown 0-0: Called Strike
0-1: Called Strike
0-2: Ball
1-2: SINGLE (Line Drive, 3)
Jim Unknown to second
Batting: RHB Steve Duncan 0-0: Foul Ball, location: 2F
0-1: Foul Ball, location: 2F
0-2: Ball
Wild Pitch!
Jim Unknown to third
Jim Unknown to second
1-2: Foul Ball, location: 2F
1-2: Ball
2-2: Strikes out swinging
Batting: RHB Luis Martínez 0-0: Called Strike
0-1: Ground out 6-3 (Groundball, 6)
Jim Unknown scores
Batting: SHB Arturo Romero 0-0: Ball
1-0: Called Strike
1-1: Foul Ball, location: 2F
1-2: Foul Ball, location: 2F
1-2: Ball
2-2: Ball
3-2: Base on Balls
Batting: RHB Héctor Cantú 0-0: Ball
1-0: Ball
2-0: Ball
3-0: Called Strike
3-1: Base on Balls
Jim Unknown to third
Arturo Romero to second
Batting: RHB Jim Unknown 0-0: Called Strike
0-1: SINGLE (Groundball, 56)
Jim Unknown scores
Arturo Romero to third
Héctor Cantú to second
Runner from 3rd tries for Home, SAFE, no throw or cutoff
Pitching: RHP John Boyle
Batting: LHB Micheal Garren 0-0: Ball
1-0: Swinging Strike
1-1: Fly out, F7 (Flyball, 7D)
Top of the 8th over - 4 run(s), 4 hit(s), 0 error(s), 2 left on base; Salem 20 - Lancaster 6
BOTTOM OF THE 8TH
Lancaster Farmers batting - Pitching for Salem Misfits : RHP Denny Norris
Now at 1B: Jim Unknown
Batting: RHB Fred Meyer 0-0: Called Strike
0-1: DOUBLE (Groundball, 5L)
Pitching: RHP Jim Unknown
Batting: RHB Sean MacKnight 0-0: Ball
1-0: Called Strike
1-1: Ball
2-1: Foul Ball, location: 2F
2-2: Ground out 1-3 (Groundball, 13)
Fred Meyer to third
Batting: RHB Eric Howard 0-0: Fly out, F9 (Flyball, 9S)
Batting: RHB Chuck Wolf 0-0: Ball
1-0: Foul Ball, location: 2F
1-1: Ball
2-1: Foul Ball, location: 2F
2-2: Foul Ball, location: 2F
2-2: Ball
3-2: Base on Balls
Batting: SHB Jim Henderson 0-0: Ball
1-0: Foul Ball, location: 2F
1-1: SINGLE (Groundball, 34D)
Fred Meyer scores
Chuck Wolf to second
Runner from 2nd tries for 3rd, SAFE, throw made to third
Batting: RHB Jim Unknown 0-0: Ball
1-0: Fly out, F9 (Flyball, 9M)
Bottom of the 8th over - 1 run(s), 2 hit(s), 0 error(s), 2 left on base; Salem 20 - Lancaster 7
TOP OF THE 9TH
Salem Misfits batting - Pitching for Lancaster Farmers : RHP John Boyle
Batting: LHB Jim Unknown 0-0: Ball
1-0: Swinging Strike
1-1: Called Strike
1-2: Ball
2-2: Fly out, F7 (Flyball, 7S)
Batting: RHB Jim Unknown 0-0: Swinging Strike
0-1: Ball
1-1: Fly out, F8 (Popup, 8LS)
Batting: RHB Jim Unknown 0-0: Ball
1-0: Foul Ball, location: 2F
1-1: SINGLE (Groundball, 34S)
Batting: RHB Steve Duncan 0-0: Ball
1-0: Called Strike
1-1: Swinging Strike
1-2: Foul Ball, location: 2F
1-2: Ball
2-2: Foul Ball, location: 2F
2-2: SINGLE (Flyball, 7LM)
Jim Unknown to second
Batting: RHB Luis Martínez 0-0: Ball
Wild Pitch!
Jim Unknown to third
Steve Duncan to second
1-0: Fly out, F8 (Line Drive, 8LS)
Top of the 9th over - 0 run(s), 2 hit(s), 0 error(s), 2 left on base; Salem 20 - Lancaster 7
BOTTOM OF THE 9TH
Lancaster Farmers batting - Pitching for Salem Misfits : RHP Jim Unknown
Batting: RHB Carl Bryant 0-0: Ball
1-0: Ball
2-0: Ball
3-0: Base on Balls
Batting: RHB Bronson Nicholls 0-0: Called Strike
0-1: Ball
1-1: Foul Ball, location: 2F
1-2: SINGLE (Groundball, 34D)
Carl Bryant to second
Runner from 2nd tries for 3rd, SAFE, no throw or cutoff
Batting: LHB Rob Wilson 0-0: Swinging Strike
0-1: Foul Ball, location: 2F
0-2: Ball
1-2: Ball
2-2: Fielders Choice at 2nd, 6-4 (Groundball, 6M)
Carl Bryant scores
Batting: RHB Fred Meyer 0-0: Ball
1-0: Ball
2-0: Swinging Strike
2-1: Ball
3-1: Base on Balls
Rob Wilson to second
Batting: RHB Sean MacKnight 0-0: Ball
1-0: Foul Ball, location: 2F
1-1: Grounds into double play, 6-4-3 (Groundball, 6M)
Bottom of the 9th over - 1 run(s), 1 hit(s), 0 error(s), 1 left on base; Salem 20 - Lancaster 8
This league is powered by Out of the Park Baseball, the baseball management simulation game for PC, Mac and Linux
Friday, April 15th, 2016 - OOTP Baseball 16.9 Build 39